Map: Submarino EE

Players

MrFercho - Winner!

  • Race: Zerg Zerg
  • League: Gold
  • Spawn Location: 11:00

Tornor

  • Race: Protoss Protoss
  • League: Gold
  • Spawn Location: 5:00

VOD

Have the link to the VOD?

Description

Time

  • Played on: Aug. 20, 2020, 8:35 p.m.
  • Length: 17:45
Show
View Real Time Build Order
Export as new Build Order

MrFercho Zerg - Winner!

Build Orders: Hatch First, Lurkers, Roach Hydra 

Get SALT Encoding   

  12  0:00  Drone  
  13  0:13  Overlord  
  13  0:17  Drone  
  14  0:32  Drone x2  
  16  0:51  Hatchery  
  16  0:53  Drone  
  16  0:56  Drone  
  17  1:08  Drone  
  17  1:11  Extractor  
  17  1:17  Evolution Chamber  
  17  1:26  Spawning Pool, Drone x2  
  18  1:36  Drone  
  19  1:43  Drone  
  20  2:04  Overlord  
  20  2:05  Drone x2  
  22  2:13  Queen x2  
  22  2:15  Zergling x4  
  28  2:25  Drone  
  29  2:57  Overlord  
  29  2:58  Overlord  
  29  2:59  Drone x4  
  33  3:15  Drone x2  
  35  3:25  Drone x5  
  40  3:40  Drone x2  
  42  3:46  Queen  
  44  3:48  Roach Warren  
  44  3:51  Lair, Metabolic Boost  
  44  3:53  Overlord x2  
  44  3:55  Drone  
  44  3:57  Extractor  
  43  4:07  Evolution Chamber  
  43  4:09  Zergling x6  
  43  4:30  Roach x4  
  43  4:31  Roach x3  
  55  4:34  Zerg Missile Weapons Level 1  
  55  4:38  Drone x2  
  57  4:46  Drone  
  57  4:50  Drone x2  
  60  4:55  Overlord  
  60  4:56  Overlord  
  60  5:13  Queen  
  62  5:14  Glial Reconstitution  
  62  5:19  Roach x2  
  62  5:21  Drone x4  
  69  5:22  Overlord  
  69  5:23  Drone x4  
  69  5:26  Extractor  
  73  6:02  Spore Crawler  
  73  6:04  Hatchery  
  71  6:06  Overseer  
  71  6:09  Overlord  
  71  6:13  Drone  
  71  6:14  Drone x11  
  83  6:21  Hatchery  
  83  6:25  Hydralisk Den  
  80  6:34  Spore Crawler  
  79  6:48  Zerg Missile Weapons Level 2  
  79  6:51  Roach  
  79  6:52  Roach x5  
  79  6:54  Overlord x3  
  91  6:56  Drone  
  92  7:02  Muscular Augments  
  92  7:13  Pneumatized Carapace  
  92  7:28  Overlord  
  92  7:29  Overlord  
  92  7:48  Extractor, Drone  
  92  7:49  Drone x2  
  92  7:50  Drone  
  95  7:53  Drone x11  
  95  7:57  Extractor  
  105  7:59  Extractor, Queen  
  106  8:07  Evolution Chamber  
  106  8:11  Spore Crawler  
  104  8:14  Grooved Spines  
  104  8:17  Hydralisk x5  
  104  8:18  Hydralisk x7  
  128  8:36  Overlord x3  
  128  8:39  Hydralisk  
  128  8:40  Hydralisk x3  
  136  9:10  Zerg Ground Armor Level 1  
  116  9:27  Roach x14  
  116  9:28  Roach x8  
  142  9:42  Zergling x2  
  142  9:43  Zergling x6  
  146  9:48  Drone  
  147  10:00  Infestation Pit  
  147  10:05  Lurker Den  
  145  10:08  Spire  
  144  10:17  Baneling Nest  
  144  10:18  Hydralisk x4  
  151  10:26  Overlord x3  
  151  10:40  Overlord x5  
  151  10:41  Overlord  
  150  10:48  Hive  
  150  11:04  Drone  
  150  11:05  Drone x2  
  150  11:06  Drone x2  
  155  11:18  Roach x10  
  165  11:19  Roach x9  
  165  11:23  Hatchery  
  192  11:50  Zerg Ground Armor Level 2  
  192  12:08  Overseer, Evolution Chamber  
  191  12:09  Hydralisk x3  
  197  12:30  Overlord x3  
  190  12:59  Spine Crawler  
  189  13:26  Evolution Chamber  
  160  13:35  Overlord x3  
  160  13:39  Hydralisk x15  
  167  13:42  Overseer  
  113  13:56  Queen  
  92  14:11  Lurker  
  92  14:12  Lurker x7  
  92  14:13  Lurker x2  
  102  14:17  Hydralisk x11  
  102  14:18  Hydralisk  
  116  14:45  Lair  
  116  14:51  Overseer  
  107  15:01  Seismic Spines  
  103  15:29  Hydralisk x18  
  103  15:33  Hatchery  
  138  15:47  Hydralisk x4  
  146  15:53  Drone x6  
  152  15:58  Adaptive Talons  
  121  16:54  Hydralisk  
  121  16:55  Hydralisk x20  
  146  17:20  Lurker  
  146  17:21  Lurker x3  
  158  17:32  Drone x2  
Show
View Real Time Build Order
Export as new Build Order

Tornor Protoss 

Build Orders: 1 Gate Expand, Chargelot Immortal 

Get SALT Encoding   

  12  0:00  Probe  
  13  0:17  Probe  
  13  0:18  Pylon  
  14  0:29  Probe  
  15  0:40  Gateway  
  15  0:41  Probe (Chrono Boost)  
  16  0:52  Probe (Chrono Boost)  
  16  0:54  Assimilator  
  17  0:57  Probe (Chrono Boost)  
  18  1:11  Probe  
  19  1:27  Probe  
  19  1:31  Nexus  
  20  1:39  Probe  
  21  1:49  Cybernetics Core  
  21  2:05  Gateway  
  21  2:16  Pylon  
  21  2:18  Probe  
  21  2:21  Assimilator  
  22  2:27  Pylon  
  22  2:29  Warp Gate  
  22  2:31  Probe  
  22  2:34  Adept  
  24  2:41  Forge  
  24  2:48  Probe (Chrono Boost)  
  24  2:49  Probe (Chrono Boost)  
  26  3:00  Probe (Chrono Boost)  
  26  3:05  Probe (Chrono Boost)  
  30  3:06  Probe (Chrono Boost)  
  30  3:08  Adept (Chrono Boost)  
  30  3:12  Probe  
  32  3:13  Stalker (Chrono Boost)  
  34  3:24  Probe  
  34  3:25  Photon Cannon  
  35  3:36  Photon Cannon  
  35  3:42  Probe  
  36  3:50  Stargate  
  36  3:54  Robotics Facility, Probe  
  37  3:58  Stalker  
  39  4:06  Probe  
  40  4:18  Probe  
  41  4:37  Stalker x2  
  45  4:39  Protoss Ground Weapons Level 1  
  45  4:41  Probe  
  45  4:44  Assimilator  
  46  4:45  Oracle (Chrono Boost)  
  46  4:50  Observer  
  50  4:53  Probe  
  51  5:05  Probe  
  52  5:07  Gateway  
  52  5:08  Gateway  
  52  5:10  Pylon  
  52  5:11  Pylon  
  52  5:15  Pylon  
  52  5:16  Assimilator, Pylon  
  52  5:18  Probe (Chrono Boost)  
  52  5:20  Pylon  
  54  5:29  Probe (Chrono Boost)  
  54  5:34  Probe (Chrono Boost)  
  55  5:44  Probe  
  55  5:45  Stalker, Immortal (Chrono Boost)  
  55  5:46  Stalker  
  64  6:03  Twilight Council  
  64  6:05  Pylon  
  64  6:10  Stargate  
  64  6:15  Void Ray, Immortal (Chrono Boost)  
  68  6:19  Probe x2  
  74  6:46  Stalker x2  
  78  6:47  Stalker x2  
  82  6:55  Protoss Ground Weapons Level 2 (Chrono Boost)  
  82  6:57  Probe  
  87  7:08  Immortal  
  87  7:09  Probe  
  88  7:26  Stalker x2  
  88  7:27  Charge (Chrono Boost), Zealot x2  
  96  8:01  Stalker x3  
  102  8:17  Pylon  
  102  8:18  Pylon  
  102  8:20  Pylon  
  102  8:27  Nexus  
  102  8:41  Immortal (Chrono Boost), Pylon  
  102  8:43  Pylon  
  102  8:45  Pylon  
  102  8:46  Zealot x3  
  102  8:47  Observer, Zealot  
  114  9:00  Blink  
  114  9:12  Warp Prism  
  96  9:28  Zealot x4  
  82  9:56  Photon Cannon  
  82  9:57  Photon Cannon  
  82  9:58  Zealot x2  
  82  9:59  Void Ray, Zealot x2  
  90  10:00  Photon Cannon  
  90  10:04  Assimilator  
  94  10:10  Assimilator  
  94  10:11  Gateway  
  94  10:18  Gateway  
  94  10:20  Gateway  
  94  10:21  Zealot x3  
  96  10:22  Stalker  
  96  10:26  Protoss Ground Weapons Level 3 (Chrono Boost)  
  102  10:37  Dark Shrine  
  102  10:40  Pylon  
  102  10:41  Probe  
  103  10:54  Probe  
  104  11:06  Probe  
  104  11:10  Zealot x3  
  104  11:11  Zealot x2  
  115  11:17  Stalker x2  
  119  11:19  Probe  
  120  11:31  Probe  
  119  11:43  Probe  
  120  11:48  Stalker x3  
  120  11:49  Stalker x2  
  120  11:52  Dark Templar  
  132  11:58  Robotics Bay  
  132  12:00  Probe  
  133  12:12  Probe  
  134  12:24  Probe  
  134  12:28  Zealot  
  134  12:29  Zealot x5  
  147  12:30  Zealot  
  144  12:43  Immortal  
  136  12:59  Dark Templar x2  
  136  13:01  Zealot x4  
  146  13:06  Archon  
  146  13:17  Stalker  
  136  13:27  Dark Templar x3  
  136  13:28  Dark Templar  
  122  13:37  Dark Templar  
  122  13:38  Dark Templar  
  104  13:49  Zealot  
  104  13:52  Void Ray x2 (Chrono Boost)  
  100  13:56  Colossus (Chrono Boost)  
  102  14:35  Zealot x4  
  102  14:36  Zealot  
  88  15:00  Stalker x5  
  88  15:01  Immortal (Chrono Boost)  
  98  15:15  Gateway  
  98  15:17  Gateway  
  98  15:25  Zealot x2  
  98  15:26  Zealot  
  98  15:27  Sentry  
  98  15:28  Sentry  
  108  15:33  Immortal  
  108  15:53  Fleet Beacon  
  108  15:57  Templar Archives  
  108  15:59  Dark Templar x2  
  108  16:03  Stalker  
  110  16:18  Zealot  
  110  16:19  Zealot  
  82  17:00  Dark Templar x5  
  82  17:01  Dark Templar  
  73  17:16  Pylon  
  73  17:17  Pylon  
  73  17:19  Pylon  
Tags
 
Add a new tag
Caveats
  • Supply blocks, unpowered buildings, or Contaminate may cause inaccurate times.
  • Supply counts are checked every 10 seconds.